AoeStats
← Churrupito

Yucatan

503186348Analyzed
3v3 RM · 1mo ago on Aug 30, 2026· 62m 38s· 6 players
Game mode
Random Map
Map size
Normal (6 player)
Population
200
Speed
Normal
Resources
Standard
Victory
Conquest
Starting age
Dark Age
Ending age
Imperial Age
RankedLock teamsTeams togetherTeam positionsShared explorationLock speedFull tech treeHidden civsTurbo modeCheats
Victory
Defeat
🇨🇳 Persians · China
1243
+15
🇨🇴 Japanese · Colombia
1214
+16
🇩🇪 Mongols · Germany
1208
+16
🇸🇪 Celts · Sweden
1215
-16
🇸🇪 Burgundians · Sweden
1215
-16
🇪🇸 Mongols · Spain
1214
-16
BlackBullet6660
10:02 Loom
12:03 Feudal Age
13:35 Double-Bit Axe
14:38 Forging
18:43 Castle Age
18:43 Gold Mining
18:44 Stone Mining
23:29 Pikeman
24:47 Iron Casting
24:12 Scale Mail Armor
28:29 Squires
29:22 Wheelbarrow
34:15 Imperial Age
33:17 Fletching
33:32 Yasama
34:23 Bodkin Arrow
35:32 Ballistics
35:51 Bracer
38:41 Chemistry
38:00 Guard Tower
41:42 Hand Cart
41:13 Town Watch
42:02 Fishing Lines
43:05 Gold Shaft Mining
43:05 Bow Saw
43:59 Parthian Tactics
43:43 Thumb Ring
44:44 Conscription
45:06 Keep
45:13 Heavy Cavalry Archer
49:43 Husbandry
49:53 Bloodlines
50:10 Kataparuto
49:28 Onager
53:56 Padded Archer Armor
56:45 Leather Archer Armor
56:16 Light Cavalry
57:05 Scale Barding Armor
58:00 Blast Furnace
60:13 Chain Barding Armor
60:26 Ring Archer Armor
61:46 Siege Engineers
61:52 Masonry
P Dog
9:13 Feudal Age
8:26 Loom
10:12 Double-Bit Axe
13:40 Bloodlines
13:47 Scale Barding Armor
19:59 Castle Age
18:39 Scale Mail Armor
19:45 Forging
21:07 Chain Mail Armor
26:32 Chain Barding Armor
27:46 Iron Casting
27:41 Husbandry
30:12 Horse Collar
30:44 Bow Saw
31:47 Wheelbarrow
31:03 Fletching
32:22 Heavy Plow
33:09 Bodkin Arrow
35:03 Padded Archer Armor
38:36 Imperial Age
36:44 Hand Cart
39:10 Masonry
40:22 Blast Furnace
38:46 Heavy Camel Rider
40:42 Bracer
40:58 Leather Archer Armor
40:38 Heavy Scorpion
42:21 Ballistics
43:01 Chemistry
44:01 Elite Skirmisher
46:52 Plate Mail Armor
46:33 Onager
49:45 Murder Holes
51:03 Parthian Tactics
49:58 Heavy Cavalry Archer
52:17 Fortified Wall
51:55 Town Watch
52:31 Siege Onager
55:18 Elite Mangudai
56:20 Drill
57:26 Conscription
61:29 Town Patrol
62:22 Capped Ram
5720638
8:06 Loom
10:29 Feudal Age
11:00 Double-Bit Axe
14:37 Forging
15:10 Wheelbarrow
14:21 Town Watch
15:15 Wheelbarrow
18:48 Castle Age
21:17 Bloodlines
21:41 Bow Saw
21:47 Horse Collar
22:22 Gold Mining
24:11 Stone Mining
24:51 Husbandry
28:33 Ballistics
31:09 Imperial Age
30:12 Scale Barding Armor
30:43 Iron Casting
30:02 Fletching
30:55 Cavalier
33:43 Conscription
32:52 Savar
34:26 Citadels
34:18 Kamandaran
34:55 Gold Shaft Mining
35:08 Heavy Plow
37:28 Blast Furnace
38:32 Two-Man Saw
38:37 Chain Barding Armor
39:13 Stone Shaft Mining
40:11 Plate Barding Armor
39:33 Bodkin Arrow
41:07 Chemistry
40:03 Murder Holes
41:24 Padded Archer Armor
40:59 Onager
41:31 Crossbowman
42:16 Thumb Ring
41:32 Elite Skirmisher
44:23 Leather Archer Armor
45:21 Fervor
45:07 Herbal Medicine
44:56 Capped Ram
44:56 Heavy Scorpion
46:15 Hand Cart
46:01 Town Patrol
46:32 Ring Archer Armor
47:23 Elite War Elephant
50:02 Scale Mail Armor
49:40 Sappers
57:19 Masonry
60:03 Siege Ram
Falcon
7:22 Loom
9:31 Feudal Age
7:46 Loom
10:10 Double-Bit Axe
19:08 Castle Age
17:50 Scale Barding Armor
17:55 Forging
18:52 Horse Collar
31:04 Husbandry
31:52 Heavy Plow
36:19 Imperial Age
35:18 Gold Mining
38:23 Heavy Scorpion
40:06 Chemistry
41:41 Ballistics
47:45 Furor Celtica
47:56 Conscription
50:11 Chain Barding Armor
50:27 Iron Casting
60:29 Light Cavalry
62:12 Blast Furnace
61:32 Hussar
Churrupito
10:25 Feudal Age
12:39 Double-Bit Axe
16:14 Castle Age
16:37 Loom
26:15 Fletching
30:33 Ballistics
30:11 Bodkin Arrow
30:41 Horse Collar
37:55 Imperial Age
35:47 Gold Mining
35:50 Stone Mining
36:13 Padded Archer Armor
37:25 Wheelbarrow
37:30 Leather Archer Armor
37:59 Bow Saw
38:44 Bracer
39:45 Chemistry
39:51 Elite Mangudai
43:20 Bloodlines
43:10 Husbandry
44:46 Thumb Ring
45:07 Parthian Tactics
46:30 Conscription
47:27 Hand Cart
JediiMastaah
7:20 Loom
9:35 Feudal Age
10:04 Double-Bit Axe
13:26 Fletching
17:44 Padded Archer Armor
20:34 Castle Age
19:00 Gold Mining
20:35 Crossbowman
21:15 Bodkin Arrow
21:10 Horse Collar
23:14 Leather Archer Armor
23:39 Heavy Plow
23:53 Bow Saw
24:23 Ballistics
27:59 Fortified Wall
27:27 Man-at-Arms
28:31 Heavy Plow
29:09 Stone Mining
30:11 Wheelbarrow
29:52 Man-at-Arms
31:25 Hand Cart
32:57 Scale Barding Armor
33:03 Forging
36:02 Imperial Age
34:06 Masonry
34:30 Scale Mail Armor
35:05 Iron Casting
34:55 Pikeman
35:35 Squires
35:20 Arson
35:53 Chain Mail Armor
36:11 Halberdier
37:51 Plate Mail Armor
38:18 Town Watch
38:51 Husbandry
38:12 Cavalier
39:03 Town Patrol
40:24 Blast Furnace
40:28 Chain Barding Armor
40:50 Conscription
40:40 Burgundian Vineyards
41:07 Paladin
43:21 Chemistry
49:13 Plate Barding Armor
52:12 Bracer
Connection lost

Rejoining the realm…

Still unreachable

The connection could not be restored.

Session expired

The server has moved on; the page needs a fresh start.